AoeStats
← el_monaguillo

Socotra

506927203Analyzed
2v2 RM · 16d ago on Sep 15, 2026· 34m 2s· 4 players
Game mode
Random Map
Map size
Tiny (2 player)
Population
200
Speed
Normal
Resources
Standard
Victory
Conquest
Starting age
Dark Age
Ending age
Imperial Age
RankedLock teamsTeams togetherTeam positionsShared explorationLock speedFull tech treeHidden civsTurbo modeCheats
Victory
Defeat
🇫🇷 Lithuanians · France
921
+13
🇫🇷 Romans · France
921
+13
🇪🇸 Goths · Spain
881
-13
🇪🇸 Burmese · Spain
842
-14
Jelt
3:14 Loom
11:35 Feudal Age
11:40 Man-at-Arms
16:55 Forging
19:50 Scale Mail Armor
22:21 Bloodlines
23:01 Scale Barding Armor
28:27 Castle Age
28:30 Double-Bit Axe
29:13 Squires
31:49 Horse Collar
el_monaguillo
9:04 Loom
12:27 Feudal Age
13:12 Man-at-Arms
14:54 Wheelbarrow
15:05 Gold Mining
19:34 Town Watch
20:30 Horse Collar
25:32 Forging
25:22 Scale Mail Armor
Remanix
6:43 Loom
13:40 Feudal Age
13:59 Man-at-Arms
15:05 Horse Collar
15:42 Scale Mail Armor
17:11 Forging
24:45 Castle Age
24:53 Long Swordsman
27:24 Wheelbarrow
32:08 Iron Casting
Alexhand
5:28 Loom
12:37 Feudal Age
15:47 Double-Bit Axe
19:30 Wheelbarrow
19:25 Fletching
21:41 Padded Archer Armor
24:12 Castle Age
24:16 Crossbowman
25:13 Bodkin Arrow
27:35 Leather Archer Armor
29:58 Ballistics
30:14 Thumb Ring
31:23 Bow Saw
Connection lost

Rejoining the realm…

Still unreachable

The connection could not be restored.

Session expired

The server has moved on; the page needs a fresh start.